AoeStats
← 鄙人張麻子

Black Forest

503633868Analyzed
4v4 RM · 1mo ago on Sep 1, 2026· 18m 14s· 8 players
Game mode
Random Map
Map size
Large (8 player)
Population
200
Speed
Normal
Resources
Standard
Victory
Conquest
Starting age
Dark Age
Ending age
Imperial Age
RankedLock teamsTeams togetherTeam positionsShared explorationLock speedFull tech treeHidden civsTurbo modeCheats
Victory
Defeat
🇹🇼 Persians · Taiwan
1274
+14
🇹🇼 Hindustanis · Taiwan
1190
+18
🇹🇼 Spanish · Taiwan
1166
+19
🇹🇼 Wu · Taiwan
1166
+19
🇭🇰 Mongols · Hong Kong SAR China
1268
-19
1249
-18
🇹🇼 Bohemians · Taiwan
1241
-18
🇺🇸 Khmer · United States
1177
-15
littlestewey
1:49 Loom
11:15 Feudal Age
14:00 Double-Bit Axe
鄙人張麻子
0:26 Loom
13:24 Feudal Age
14:37 Double-Bit Axe
17:02 Castle Age
15:13 Double-Bit Axe
15:29 Horse Collar
stormgoing
7:59 Loom
10:40 Feudal Age
11:56 Wheelbarrow
14:43 Castle Age
12:45 Double-Bit Axe
12:56 Horse Collar
15:54 Bow Saw
IMPORTAINER S.A @ DaNkoN_ARG
4:18 Loom
11:13 Feudal Age
12:03 Double-Bit Axe
14:57 Wheelbarrow
15:54 Forging
18:30 Scale Barding Armor
Not.Vipper
0:31 Loom
12:41 Feudal Age
17:48 Castle Age
Not.Hera
1:53 Loom
12:18 Feudal Age
13:00 Double-Bit Axe
13:29 Horse Collar
15:55 Castle Age
16:53 Bow Saw
16:48 Heavy Plow
Not.Liereyy
10:21 Feudal Age
9:25 Loom
15:25 Castle Age
13:29 Double-Bit Axe
13:40 Horse Collar
15:33 Forging
16:00 Scale Barding Armor
Not.MbL
0:27 Loom
11:45 Feudal Age
11:46 Man-at-Arms
Connection lost

Rejoining the realm…

Still unreachable

The connection could not be restored.

Session expired

The server has moved on; the page needs a fresh start.